 Dungeon Crawl Stone Soup version 0.27.1-2-g3b301248ec (webtiles) character file.

Game seed: 6344455751868543888

327 jfcaron the Magician (level 6, 0/40 HPs)
             Began as a Djinni Hedge Wizard on Sept 25, 2021.
             Slain by an ufetubus (4 damage)
             ... on level 5 of the Dungeon.
             The game lasted 00:12:01 (4244 turns).

jfcaron the Magician (Djinni Hedge Wizard)          Turns: 4244, Time: 00:12:02

Health: 0/40       AC:  2    Str:  9    XL:     6   Next: 79%
Gold:   184        EV: 12    Int: 17    God:
                   SH:  0    Dex: 13

rFire    + + .     SeeInvis .   q - staff of poison
rCold    x . .     Faith    .   (no shield)
rNeg     . . .     Spirit   .   b - +0 robe
rPois    ∞         Reflect  .   c - +0 hat
rElec    .         Harm     .   (no cloak)
rCorr    .         Rampage  .   (no gloves)
Will     .....                  (boots unavailable)
Stlth    +.........             (no amulet)
HPRegen  0.13/turn              l - ring of wizardry
MPRegen  0.00/turn              (no ring)

@: confused, ambrosia-drunk, flying
A: sickness immunity, fire resistance 2, cold vulnerability 1, float, innate
caster, hp casting, extra vitality 1
a: no special abilities


You were on level 5 of the Dungeon.
You visited 1 branch of the dungeon, and saw 5 of its levels.

You collected 184 gold pieces.

Inventory:

Hand Weapons
 a - a +0 dagger of flaming
 i - a +1 whip of electrocution
Missiles
 d - 3 boomerangs
 g - 49 stones
 k - 42 poisoned darts (quivered)
 m - a throwing net {!f}
Armour
 b - a +0 robe (worn)
 c - a +0 hat (worn)
Magical Staves
 q - a staff of poison (weapon)
Jewellery
 l - a ring of wizardry (left hand)
Scrolls
 j - a scroll of fog
Potions
 e - a potion of mutation
 n - a potion of degeneration {unknown}


   Skills:
 - Level 2.1 Dodging
 - Level 1.5 Stealth
 * Level 5.4 Spellcasting


You couldn't memorise any spells.
You knew the following spells:

 Your Spells              Type           Power      Damage    Failure   Level
a - Magic Dart            Conj           92%        1d7       1%          1
b - Blink                 Tloc           N/A        N/A       1%          2
c - Call Imp              Summ           23%        N/A       1%          2
d - Slow                  Hex            23%        N/A       1%          2
e - Conjure Flame         Conj/Fire      23%        6-21      1%          3
f - Mephitic Cloud        Conj/Pois/Air  35%        N/A       1%          3
g - Pain                  Necr           92%        1d8       1%          1
h - Ensorcelled Hibernat  Hex/Ice        46%        N/A       1%          2
Your spell library was empty.

Dungeon Overview and Level Annotations

Branches:
Dungeon (5/15)
 Temple: D:4-7

Altars:
Ru


Innate Abilities, Weirdness & Mutations

You are immune to sickness and miasma.
You are immune to poison.
Your flesh is very heat resistant. (rF++)
You are vulnerable to cold. (rC-)
You float through the air rather than walking.
You learn spells naturally, not from books.
Your magical power is your life essence.
You have superior vitality. (+4 HP)


Message History

Press: ? - help, Shift-Dir - straight line, f/p - adder
Aim: an adder (heavily wounded, chance to affect: 88%)
The adder writhes in agony.
The ufetubus shouts!
* * * LOW HITPOINT WARNING * * *
The adder closely misses you.
You feel better. The adder bites you.
* * * LOW HITPOINT WARNING * * *
Casting: Pain (safe; 1% risk of failure)
Confirm with . or Enter, or press ? or * to list all spells.
Aiming: Pain (safe; 1% risk of failure)
Press: ? - help, Shift-Dir - straight line, f/p - adder
Aim: an adder (severely wounded, ally target, chance to affect: 88%)
The adder writhes in agony.
You kill the adder!
* * * LOW HITPOINT WARNING * * *
Unknown command.
The ufetubus hits you.
* * * LOW HITPOINT WARNING * * *
The ufetubus closely misses you.
Press: ? - help, v - describe, . - travel
Here: an ufetubus The floor.
It was a potion of ambrosia.
You are confused.
You feel invigorated.
Your crimson imp disappears in a puff of smoke!
The ufetubus completely misses you. The ufetubus hits you.
* * * LOW HITPOINT WARNING * * *
You bump into the rock wall.
The ufetubus misses you. The ufetubus hits you.
* * * LOW HITPOINT WARNING * * *
The ufetubus hits you.
* * * LOW HITPOINT WARNING * * *
The ufetubus hits you.
* * * LOW HITPOINT WARNING * * *
You hit the ufetubus but do no damage. The ufetubus misses you.
The ufetubus hits you.
* * * LOW HITPOINT WARNING * * *
The ufetubus hits you.
You die...

#.....S...##,#.**.# *
#########S##.#.##.##
#.##....<†.#
#.#####.#..# #.#
#.#..#
##.#####.#..#********
#....5†.....#*,,,,,,,
#..####...#.#*,******
#...@5..#......,,,,,,
#.#####...#####******
#.# ##.## #####.# *.#
#.....# *.# #.#####
*.# #.# *.# #.# *,*
#.# *,*


You could see an ufetubus.

Vanquished Creatures
  An ogre (D:5)
  A scorpion (D:5)
  Jessica (D:3)
  An orc wizard (D:5)
  7 adders
  3 gnolls (D:3)
  3 dart slugs
  3 orcs (D:5)
  4 ball pythons
  4 endoplasms
  4 giant cockroaches (D:1)
  5 goblins
  3 hobgoblins (D:3)
  3 jackals (D:2)
  4 kobolds
  2 quokkas (D:2)
  9 bats
  4 frilled lizards
  9 rats
71 creatures vanquished.

Notes
Turn   | Place    | Note
-------+----------+-------------------------------------------
     0 | D:1      | jfcaron the Djinni Hedge Wizard began the quest for the
                  | Orb.
     0 | D:1      | Reached XP level 1. HP: 15/15 MP: 0/0
   265 | D:1      | Reached XP level 2. HP: 18/21 MP: 0/0
   485 | D:1      | Reached skill level 3 in Spellcasting
   737 | D:1      | Reached XP level 3. HP: 20/25 MP: 0/0
   737 | D:1      | Learned a level 1 spell: Pain
  1356 | D:1      | Found a faded altar of an unknown god.
  1830 | D:2      | Reached XP level 4. HP: 20/31 MP: 0/0
  2555 | D:3      | Found a sacrificial altar of Ru.
  2671 | D:3      | Reached skill level 4 in Spellcasting
  2712 | D:3      | Reached XP level 5. HP: 10/35 MP: 0/0
  2712 | D:3      | Learned a level 2 spell: Ensorcelled Hibernation
  3250 | D:3      | Noticed Jessica
  3258 | D:3      | Killed Jessica
  3376 | D:3      | You are sucked into a shaft and drop 2 floors!
  3376 | D:5      | Entered Level 5 of the Dungeon
  3669 | D:5      | Reached XP level 6. HP: 8/40 MP: 0/0
  3943 | D:5      | Reached skill level 5 in Spellcasting
  4156 | D:4      | Noticed a yak
  4156 | D:4      | Noticed a yak
  4156 | D:4      | Noticed a yak
  4156 | D:4      | Noticed an ogre
  4156 | D:4      | Noticed a yak
  4190 | D:5      | Killed an ogre
  4232 | D:5      | HP: 4/40 [adder (5)]
  4237 | D:5      | HP: 7/40 [adder (3)]
  4242 | D:5      | HP: 4/40 [ufetubus (3)]
  4244 | D:5      | Slain by an ufetubus

Illustrated notes

Levels and vault maps discovered:
D:1:      nicolae_arrival_somewhat_less_tricky_arrival, layout_basic,
          shapermc_ecumenical_altar_venn, chequers_serial_rivers_micro_b
D:2:      minmay_inner_zag, layout_loops_ring
D:3:      wad_crossroads, layout_basic, lemuel_zombie_altar_kikubaaqudgha,
          lemuel_round_altar, uniq_jessica
D:4:      layout_basic, minmay_temple_entry_junction, serial_shops,
          nicolae_shop_trees, uniq_ijyb, uniq_menkaure
D:5:      layout_loops_ring, uniq_duvessa

Skill      XL: |  1  2  3  4  5  6 |
---------------+-------------------+-----
Spellcasting   | 3 4 5 |  5.4
Dodging        | |  2.1
Stealth        | |  1.5

Action                   |  1- 3 |  4- 6 || total
-------------------------+-------+-------++-------
Melee: Dagger            |     8 |     5 ||    13
       Staff             |       |     8 ||     8
Throw: Dart              |       |    11 ||    11
 Cast: Magic Dart        |    73 |    58 ||   131
       Pain              |     2 |    13 ||    15
       Mephitic Cloud    |     1 |     2 ||     3
       Call Imp          |       |    14 ||    14
       Slow              |       |     4 ||     4
       Conjure Flame     |       |     7 ||     7
       Ensorcelled Hiber |       |     4 ||     4
       Blink             |       |     1 ||     1
  Use: Scroll            |     2 |     5 ||     7
       Potion            |       |     3 ||     3
 Stab: Sleeping          |       |     1 ||     1
Armor: Robe              |     6 |     3 ||     9
Dodge: Dodged            |     6 |    22 ||    28
